 Dungeon Crawl Stone Soup version 0.30.1-3-gfc49f6343a (webtiles) character file.

Game seed: 12245641856825141303

9 Pepete the Ruffian (level 2, -4/23 HPs)
             Began as a Gnoll Wanderer on July 28, 2023.
             Slain by a goblin
             ... wielding a +0 dagger of electrocution
              (19 damage)
             ... on level 1 of the Dungeon.
             The game lasted 00:00:26 (395 turns).

Pepete the Ruffian (Gnoll Wanderer)                  Turns: 395, Time: 00:00:27

Health: -4/23      AC:  3    Str: 13    XL:     2   Next: 16%
Magic:  2/2        EV: 10    Int: 10    God:
Gold:   4          SH:  4    Dex: 10    Spells: 1/1 levels left

rFire   . . .        a - +0 spear
rCold   . . .        d - +0 buckler
rNeg    . . .        f - +0 leather armour
rPois   .            (no helmet)
rElec   .            (no cloak)
rCorr   .            (no gloves)
SInv    .            (no boots)
Will    .....        (no amulet)
Stlth   +            (no ring)
HPRegen 0.23/turn    (no ring)
MPRegen 0.08/turn

%: no passive effects
@: no status effects
A: fangs 1, strong nose, distributed training
a: no special abilities


You were on level 1 of the Dungeon.
You visited 1 branch of the dungeon, and saw 1 of its levels.

You collected 4 gold pieces.

Inventory:

Hand Weapons
 a - a +0 spear (weapon)
Armour
 d - a +0 buckler (worn)
 f - a +0 leather armour (worn)
Scrolls
 g - a scroll of fog {unknown}
 h - a scroll of amnesia {unknown}
 i - a scroll of poison {unknown}
Potions
 b - a potion of might
 c - a potion of berserk rage
 e - a potion of attraction


   Skills:
 + Level 2.4 Fighting
 + Level 0.3 Short Blades
 + Level 0.3 Long Blades
 + Level 0.3 Axes
 + Level 0.3 Maces & Flails
 + Level 6.4 Polearms
 + Level 0.3 Staves
 + Level 0.3 Ranged Weapons
 + Level 0.3 Throwing
 + Level 0.3 Armour
 + Level 0.3 Dodging
 + Level 0.3 Stealth
 + Level 2.4 Shields
 + Level 6.4 Unarmed Combat
 + Level 0.3 Spellcasting
 + Level 0.2 Conjurations
 + Level 0.2 Hexes
 + Level 0.2 Summonings
 + Level 0.2 Necromancy
 + Level 0.2 Translocations
 + Level 0.2 Transmutations
 + Level 0.2 Fire Magic
 + Level 0.2 Ice Magic
 + Level 0.2 Air Magic
 + Level 0.2 Earth Magic
 + Level 0.2 Poison Magic
 + Level 0.4 Invocations
 + Level 4.4 Evocations


You had one spell level left.
You didn't know any spells.
Your spell library was empty.

Dungeon Overview and Level Annotations

Branches:
Dungeon (1/15)

Altars:


Innate Abilities, Weirdness & Mutations

You have very sharp teeth.
Your uncanny sense of smell can sniff out nearby items.
Your experience applies equally to all skills.


Message History

You hit the frilled lizard.
You kill the frilled lizard!
You have reached level 2!
No target in view!
No target in view!
Unknown command.
You see here a frilled lizard corpse.
i - a scroll labelled VOEGASS ALEM A giant cockroach comes into view.
The giant cockroach moves out of view.
An endoplasm comes into view.
Found 5 stones and 9 gold pieces.
There are monsters nearby!
You reach to attack!
You hit the giant cockroach.
You kill the giant cockroach!
An endoplasm is nearby!
A goblin comes into view.
It is wielding a +0 dagger of electrocution.
The goblin shouts!
Unknown command.
Unknown command.
You barely miss the endoplasm. You bite the endoplasm.
The endoplasm is moderately wounded.
The endoplasm freezes you.
You are frozen.
You barely miss the endoplasm.
The endoplasm is moderately wounded.
Unknown command.
You hit the endoplasm.
The endoplasm is almost dead.
The goblin hits you but does no damage. The endoplasm closely misses you.
Unknown command.
You hit the endoplasm.
You kill the endoplasm!
The goblin hits you with a +0 dagger of electrocution.
You hit the goblin.
The goblin is severely wounded.
The goblin hits you with a +0 dagger of electrocution.
You are electrocuted!!
Ouch! That really hurt!
You die...

########### #.........#
###...(....$###
...............
#.........# #...g.....#
#.# #....@....# #.#
#...†.....# #.# ##
#####.##### ##.##...
##.# #.... ## # #..#
#..##.#. #.###.##
##..##.#. #......#
####...##.##
##.....#####....#.##.#.
##.....†....####....#.


You could see a goblin.

Vanquished Creatures
  An endoplasm (D:1)
  A giant cockroach (D:1)
  A hobgoblin (D:1)
  3 kobolds (D:1)
  A quokka (D:1)
  A frilled lizard (D:1)
8 creatures vanquished.

Notes
Turn   | Place    | Note
-------+----------+-------------------------------------------
     0 | D:1      | Pepete the Gnoll Wanderer began the quest for the Orb.
     0 | D:1      | Pepete set off with the following items: a +0 spear, a
                  | potion of might, a potion of berserk rage, a +0 buckler, a
                  | potion of attraction, a +0 leather armour.
     0 | D:1      | Reached XP level 1. HP: 17/17 MP: 1/1
   378 | D:1      | Reached XP level 2. HP: 23/23 MP: 2/2
   395 | D:1      | Slain by a goblin

Illustrated notes

Levels and vault maps discovered:
D:1:      matt_arrival_grand_opening, layout_rooms

Action                     || total
---------------------------++-------
  Melee: Spear             ||    40
         Bite              ||     4
 Armour: Leather armour    ||    11
  Dodge: Dodged            ||    17
  Block: Buckler           ||     4
